 Dungeon Crawl Stone Soup version 0.24-b1 (webtiles) character file.

Game seed: 8484275892592878141, levelgen mode: deterministic

6434 Gumption the Spear-Bearer (level 10, -1/80 HPs)
             Began as a Merfolk Gladiator on Oct 12, 2019.
             Was a Believer of Fedhas.
             Slain by a yak (7 damage)
             ... on level 9 of the Dungeon.
             The game lasted 01:24:03 (11143 turns).

Gumption the Spear-Bearer (Merfolk Gladiator)      Turns: 11143, Time: 01:24:04

Health: -1/80      AC: 14    Str: 19    XL:     10   Next: 99%
Magic:  10/10      EV: 12    Int:  7    God:    Fedhas [**....]
Gold:   572        SH:  0    Dex: 15    Spells: 9/9 levels left

rFire    + . .     SeeInvis .   I - +0 halberd
rCold    . . .     Gourm    .   (shield currently unavailable)
rNeg     . . .     Faith    .   F - +1 chain mail {rF+}
rPois    .         Spirit   .   n - +0 helmet
rElec    .         Reflect  .   z - scarf {cloud immunity}
rCorr    .         Harm     .   w - +1 pair of gloves
MR       +....                  (no boots)
Stlth    ..........             (no amulet)
HPRegen  0.23/turn              (no ring)
MPRegen  0.12/turn              v - ring of protection from magic

@: no status effects
A: change form in water, swift swim, stealthy swim
a: Wall of Briars, Renounce Religion


You were on level 9 of the Dungeon.
You worshipped Fedhas.
Fedhas was pleased with you.
You were not hungry.

You visited 2 branches of the dungeon, and saw 10 of its levels.

You collected 572 gold pieces.

Inventory:

Hand Weapons
 a - a +0 trident
 I - a +0 halberd (weapon)
Missiles
 g - 208 stones
 q - a throwing net
 D - 2 boomerangs (quivered)
 G - 6 atropa-tipped darts
Armour
 n - a +0 helmet (worn)
 w - a +1 pair of gloves (worn)
 z - a scarf of cloud immunity (worn)
 B - the +2 robe of Xuej {-Tele Regen+ Dex+9 SInv, unknown}
   (You found it on level 8 of the Dungeon)

   It affects your dexterity (+9).
   It lets you see invisible.
   It prevents most forms of teleportation.
   It increases your rate of regeneration.
 F - a +1 chain mail of fire resistance (worn)
Jewellery
 r - an uncursed ring of poison resistance {unknown}
 v - a ring of protection from magic (right hand)
 C - a +3 amulet of reflection {unknown}
Wands
 y - a wand of iceblast (6)
Scrolls
 i - a scroll of immolation
 l - 6 scrolls of teleportation
 m - 3 scrolls of enchant armour
 t - a scroll of fog {unknown}
 E - a scroll of fear {unknown}
Potions
 c - 2 potions of heal wounds
 f - 2 potions of haste
 h - a potion of magic {unknown}
 j - a potion of ambrosia {unknown}
 k - 4 potions of brilliance
 o - 6 potions of agility
 p - 3 potions of cancellation {unknown}
 s - 2 potions of lignification {unknown}
 u - a potion of berserk rage {unknown}
 x - 4 potions of curing
 A - 2 potions of mutation {unknown}
Miscellaneous
 d - a box of beasts
 H - a lamp of fire
Comestibles
 b - 2 chunks of flesh
 e - 11 rations


   Skills:
 + Level 8.3 Fighting
 - Level 14.0 Polearms
 + Level 2.9 Throwing
 * Level 6.3 Armour
 + Level 9.4 Dodging


You had 9 spell levels left.
You didn't know any spells.
Your spell library contained the following spells:

 Spells                   Type           Power        Failure   Level  Hunger
 Animate Skeleton         Necr           N/A          99%         1    ##.....
 Magic Dart               Conj           #...         99%         1    ##.....
 Pain                     Necr           #...         99%         1    ##.....
 Searing Ray              Conj           #.....       100%        2    ###....
 Dazzling Spray           Conj/Hex       #.....       100%        3    ####...
 Regeneration             Chrm/Necr      #.........   100%        3    ####...
 Vampiric Draining        Necr           #.........   100%        3    ####...
 Animate Dead             Necr           N/A          100%        4    #####..
 Force Lance              Conj/Tloc      #.......     100%        4    #####..
 Fulminant Prism          Conj/Hex       #.........   100%        4    #####..
 Iskenderun's Mystic Bla  Conj           #.......     100%        4    #####..
 Bolt of Magma            Conj/Fire/Erth #.........   100%        5    ######.
 Iskenderun's Battlesphe  Conj/Chrm      #.......     100%        5    ######.
 Venom Bolt               Conj/Pois      #.........   100%        5    ######.
 Iron Shot                Conj/Erth      #.........   100%        6    #######
 Orb of Destruction       Conj           #.........   100%        7    #######
 Spellforged Servitor     Conj/Summ      #.........   100%        7    #######


Dungeon Overview and Level Annotations

Branches:
Dungeon (9/15)             Temple (1/1) D:7
   Lair: D:8-11         Orc: D:9-12

Altars:
Ashenzari
Cheibriados
Dithmenos
Elyvilon
Fedhas
Gozag
Hepliaklqana
Kikubaaqudgha
Makhleb
Nemelex Xobeh
Okawaru
Qazlal
Ru
Sif Muna
Trog
Vehumet
Wu Jian
Xom
Yredelemnul
Zin
The Shining One

Shops:
D:4 *

Annotations:
D:8 2 transporters


Message History

You slice the ogre!!
The ogre is severely wounded.
The ogre hits you but does no damage.
You completely miss the ogre.
The ogre is severely wounded.
The yak gores you!
* * * LOW HITPOINT WARNING * * *
You barely miss the ogre.
The ogre is severely wounded.
The yak closely misses you. The ogre hits you but does no damage.
You slash the ogre!
The ogre is almost dead.
The yak gores you!
* * * LOW HITPOINT WARNING * * *
You puncture the ogre!
You kill the ogre!
Fedhas accepts your kill. The yak gores you!
You die...
Fedhas appreciates your contribution to the ecosystem.

#......#.# #.......
#........# #.......
#......### #....(..
#......# ####'###
####.### #.# #.## #.#
#..# #.# ##)# #.# ##(
#@# #.# #.. ###Y####
#.# #.# #..YY..# #.#
#.# #.....)# #.# #.#
#......# #.#
##.###########......#
#.#
.........Y...รท......#
#.#
##>###########[.....#
#.# #.# #####.## #.#


You could see 3 yaks.

Vanquished Creatures
  An unseen horror (D:8)
  Pikel (D:7)
  Joseph (D:7)
  3 hippogriffs
  2 yaks (D:9)
  A hungry ghost (D:7)
  3 water moccasins
  2 black bears
  2 ice beasts (D:5)
  2 sky beasts
  2 phantoms
  3 slaves
  3 ogres
  A necrophage (D:9)
  A centaur (D:6)
  6 bullfrogs
  A water moccasin skeleton (D:5)
  12 killer bees
  5 wights (D:6)
  3 howler monkeys
  4 crimson imps
  A bullfrog zombie (D:5)
  A centaur zombie (D:7)
  3 orc priests
  2 jellies (D:5)
  A hound (D:7)
  3 orc wizards
  A bullfrog skeleton (D:6)
  Ijyb (D:2)
  Terence (D:3)
  8 worker ants
  An iguana (D:8)
  2 killer bee zombies
  2 hound skeletons
  Robin (D:3)
  3 gnolls (D:8)
  A howler monkey skeleton (D:5)
  14 adders
  3 shadow imps
  3 oozes
  An adder skeleton (D:4)
  2 worms (D:3)
  3 dart slugs
  5 leopard geckos
  20 orcs
  8 giant cockroaches
  18 goblins
  12 hobgoblins
  4 jackals (D:9)
  5 ball pythons
  7 bats
  7 frilled lizards
  A jackal zombie (D:7)
  8 kobolds
  5 rats
217 creatures vanquished.

Vanquished Creatures (others)
  Psyche (D:8)
1 creature vanquished.

Grand Total: 218 creatures vanquished

Notes
Turn   | Place    | Note
-------+----------+-------------------------------------------
     0 | D:1      | Gumption the Merfolk Gladiator began the quest for the Orb.
     0 | D:1      | Reached XP level 1. HP: 16/16 MP: 1/1
   213 | D:1      | Reached XP level 2. HP: 23/23 MP: 2/2
   418 | D:1      | Reached skill level 5 in Polearms
   491 | D:1      | Reached XP level 3. HP: 28/28 MP: 3/3
  1169 | D:2      | Reached skill level 5 in Dodging
  1220 | D:2      | Reached XP level 4. HP: 31/34 MP: 4/4
  1528 | D:2      | Noticed Ijyb
  1563 | D:2      | Killed Ijyb
  1748 | D:3      | Reached skill level 6 in Polearms
  1805 | D:3      | Reached XP level 5. HP: 38/41 MP: 5/5
  1837 | D:3      | Noticed Terence
  1857 | D:3      | Killed Terence
  2547 | D:3      | Noticed Robin
  2696 | D:3      | Killed Robin
  2696 | D:3      | Reached XP level 6. HP: 47/47 MP: 6/6
  3177 | D:4      | Reached skill level 7 in Polearms
  3361 | D:4      | Found Xiyseowess's General Store.
  3696 | D:5      | Entered Level 5 of the Dungeon
  3703 | D:5      | Noticed an ice beast
  3754 | D:5      | Noticed a water moccasin
  3774 | D:5      | Killed a water moccasin
  3774 | D:5      | Reached XP level 7. HP: 25/54 MP: 7/7
  4003 | D:5      | Reached skill level 8 in Polearms
  4281 | D:5      | Noticed a hippogriff
  4457 | D:5      | Killed a hippogriff
  4457 | D:5      | Reached skill level 9 in Polearms
  4457 | D:5      | Reached XP level 8. HP: 21/61 MP: 8/8
  4930 | D:5      | Reached skill level 5 in Fighting
  5154 | D:5      | Reached skill level 10 in Polearms
  5154 | D:5      | Reached skill level 1 in Armour
  5786 | D:5      | Reached XP level 9. HP: 30/69 MP: 9/9
  6205 | D:6      | Reached skill level 11 in Polearms
  6456 | D:6      | Found a blossoming altar of Fedhas.
  6457 | D:6      | Found a shimmering blue altar of Sif Muna.
  6458 | D:6      | Found a white marble altar of Elyvilon.
  6498 | D:6      | Found a shimmering altar of Xom.
  7012 | D:6      | Became a worshipper of Fedhas Madash
  7170 | D:7      | Noticed Pikel
  7866 | D:7      | Killed Pikel
  7866 | D:7      | Reached skill level 12 in Polearms
  8037 | D:7      | Noticed Joseph
  8076 | D:7      | Killed Joseph
  8076 | D:7      | Reached XP level 10. HP: 49/79 MP: 10/10
  8217 | D:7      | Found a staircase to the Ecumenical Temple.
  8225 | Temple   | Entered the Ecumenical Temple
  8507 | D:8      | Reached skill level 13 in Polearms
  9195 | D:8      | Reached * piety under Fedhas
  9254 | D:8      | Noticed Psyche
  9271 | D:8      | Killed Psyche
  9271 | D:8      | Reached skill level 5 in Armour
  9864 | D:8      | Got a slimy robe
 10132 | D:8      | Found a transporter.
 10192 | D:8      | Found a transporter.
 10210 | D:8      | Noticed a manticore
 10211 | D:8      | Found a hazy altar of Hepliaklqana.
 10211 | D:8      | Noticed a salamander
 10243 | D:8      | Noticed an elephant
 10243 | D:8      | a salamander changed into an elephant
 10246 | D:8      | Noticed a sea snake
 10246 | D:8      | an elephant changed into a sea snake
 10466 | D:8      | Killed an unseen horror
 10466 | D:8      | Reached skill level 14 in Polearms
 10637 | D:9      | Noticed a two-headed ogre
 10853 | D:9      | Reached ** piety under Fedhas
 11143 | D:9      | Slain by a yak

Skill      XL: |  1  2  3  4  5  6  7  8  9 10 |
---------------+-------------------------------+-----
Polearms       | 5 6 7 9 10 12 14 | 14.0
Dodging        | 5 6 7 8 9 |  9.4
Fighting       | 3 4 5 7 8 |  8.3
Armour         | 2 4 6 |  6.3
Throwing       | |  2.9

Action                   |  1- 3 |  4- 6 |  7- 9 | 10-12 || total
-------------------------+-------+-------+-------+-------++-------
Melee: Trident           |    95 |   236 |   557 |   242 ||  1130
       Halberd           |       |       |       |    72 ||    72
Throw: Stone             |       |    47 |    31 |       ||    78
       Throwing net      |       |     1 |     2 |       ||     3
       Dart              |       |       |     9 |     7 ||    16
       Boomerang         |       |       |       |    39 ||    39
  Use: Scroll            |       |     8 |     3 |     3 ||    14
       Potion            |       |       |     3 |     1 ||     4
 Stab: Invisible         |       |       |     1 |       ||     1
  Eat: Chunk             |     1 |     8 |     5 |     4 ||    18
       Ration            |       |       |     3 |     2 ||     5
Armor: Leather armour    |     2 |       |       |       ||     2
       Ring mail         |    16 |    18 |       |       ||    34
       Scale mail        |       |    84 |   133 |    37 ||   254
       Chain mail        |       |       |       |    43 ||    43
Dodge: Dodged            |    43 |   145 |   260 |   128 ||   576
